 Dungeon Crawl Stone Soup version 0.27-a0-498-g7ecbb0a48f (webtiles) character file.

Game seed: 15752437363689723630

6 siradein the Charlatan (level 1, -3/15 HPs)
             Began as a Demonspawn Artificer on Mar 3, 2021.
             Slain by a hobgoblin
             ... wielding a +0 club
              (6 damage)
             ... on level 1 of the Dungeon.
             The game lasted 00:01:32 (282 turns).

siradein the Charlatan (Demonspawn Artificer)        Turns: 282, Time: 00:01:32

Health: -3/15      AC:  3    Str: 12    XL:     1   Next: 75%
Magic:  1/1        EV: 10    Int: 12    God:
Gold:   0          SH:  3    Dex: 13    Spells: 0/0 levels left

rFire    . . .     SeeInvis .   a - +0 club
rCold    . . .     Faith    .   h - +0 buckler
rNeg     . . .     Spirit   .   b - +0 leather armour
rPois    .         Reflect  .   (no helmet)
rElec    .         Harm     .   (no cloak)
rCorr    .         Rampage  .   (no gloves)
Will     .....                  (no boots)
Stlth    +.........             (no amulet)
HPRegen  0.05/turn              (no ring)
MPRegen  0.07/turn              (no ring)

@: no status effects
A: no striking features
a: no special abilities


You were on level 1 of the Dungeon.
You visited 1 branch of the dungeon, and saw 1 of its levels.

Inventory:

Hand Weapons
 a - a +0 club (weapon)
Missiles
 f - 19 stones
Armour
 b - a +0 leather armour (worn)
 h - a +0 buckler (worn)
Wands
 c - a wand of flame (15) (quivered)
 d - a wand of charming (15)
 e - a wand of random effects (15)
Potions
 g - 2 potions of lignification {unknown}


   Skills:
 - Level 1.0 Fighting
 + Level 0.7 Maces & Flails
 - Level 1.7 Armour
 - Level 0.8 Dodging
 - Level 0.8 Stealth
 + Level 3.2 Evocations


You couldn't memorise any spells.
You didn't know any spells.
Your spell library was empty.

Dungeon Overview and Level Annotations

Branches:
Dungeon (1/15)

Altars:


Message History

The kobold barely misses you.
Found a stone staircase leading down.
You hit the kobold but do no damage. The kobold barely misses you.
You closely miss the kobold. The kobold closely misses you.
A hobgoblin comes into view.
You barely miss the kobold.
The kobold hits you with a +0 short sword.
The kobold closely misses you.
You hit the kobold but do no damage.
The kobold hits you with a +0 short sword.
You barely miss the kobold.
The kobold hits you with a +0 short sword.
The kobold closely misses you.
You hit the kobold.
The kobold is moderately wounded.
The kobold hits you but does no damage.
You barely miss the kobold.
The kobold is moderately wounded.
The kobold hits you but does no damage.
You closely miss the kobold.
The kobold is moderately wounded.
The kobold hits you with a +0 short sword. x2
* * * LOW HITPOINT WARNING * * *
The hobgoblin hits you.
* * * LOW HITPOINT WARNING * * *
A goblin comes into view.
The goblin shouts!
A hobgoblin comes into view. It is wielding a +0 club.
The hobgoblin shouts!
You see here a bat corpse.
You see here a bat corpse.
You hit the kobold.
You kill the kobold!
There are monsters nearby!
You closely miss the hobgoblin. You block the hobgoblin's attack.
The hobgoblin barely misses you. The goblin hits you but does no damage.
There is a dry fountain here.
The hobgoblin hits you with a +0 club.
You die...

##### ##.>.## ##..<..##
##.......## ##..⌠...⌠..##
##...........##
##.⌠....⌠....⌠.##
##..gg@..........##
##..⌠g..⌠...⌠...⌠..##
##..............[....##..
#......⌠.......⌠......#..
#..........⌠...÷......#..
##.............).....##.(
##########)###########..
.........g††..# #..
....#....###gg#####..


You could see 2 hobgoblins and a goblin.

Vanquished Creatures
  3 bats (D:1)
  A frilled lizard (D:1)
  2 kobolds (D:1)
  A rat (D:1)
7 creatures vanquished.

Notes
Turn   | Place    | Note
-------+----------+-------------------------------------------
     0 | D:1      | siradein the Demonspawn Artificer began the quest for the
                  | Orb.
     0 | D:1      | Reached XP level 1. HP: 15/15 MP: 1/1
   282 | D:1      | Slain by a hobgoblin

Illustrated notes

Levels and vault maps discovered:
D:1:      dpeg_arrival_lava_temple_mockup, layout_rooms

Action                   || total
-------------------------++-------
Melee: Club              ||    27
Armor: Leather armour    ||    18
Dodge: Dodged            ||    33
Block: Buckler           ||     7

Table legend: (Time is in decaauts)
 A = Elapsed time spent in this place.
 B = Non-inter-level travel time spent in this place.
 C = Inter-level travel time spent in this place.
 D = Time resting spent in this place.
 E = Time spent auto-exploring this place.
 F = Levels seen in this place.
 G = Mean time per level.
                   A        B        C        D        E       F      G
               +--------+--------+--------+--------+--------+-----+--------+
         Total |    291 |    291 |      0 |      0 |    168 |   1 |  291.0 |
       Dungeon |    291 |    291 |      0 |      0 |    168 |   1 |  291.0 |
               +--------+--------+--------+--------+--------+-----+--------+

Top non-repeatable levels by time:
     D:1: 291 daAuts
